 Dungeon Crawl Stone Soup version 0.30-a0-313-gae38170b09 (webtiles) character file.

Game seed: 8639895516564333827

19562 LustLizard the Unseen (level 12, -10/59 HPs)
             Began as a Spriggan Hunter on Oct 26, 2022.
             Was a High Priest of Hepliaklqana.
             Mangled by a sixfirhy (11 damage)
             ... in a Gauntlet.
             The game lasted 00:23:10 (11608 turns).

LustLizard the Unseen (Spriggan Hunter)            Turns: 11608, Time: 00:23:11

Health: -10/59     AC:  8    Str:  7    XL:     12   Next: 37%
Magic:  13/13      EV: 22    Int: 17    God:    Hepliaklqana [*****.]
Gold:   717        SH:  5    Dex: 23    Spells: 11/11 levels left

rFire   . . .      SeeInvis +    H - +0 hand crossbow
rCold   . . .      Faith    .    (no shield)
rNeg    + . .      Spirit   .    P - +0 acid dragon scales
rPois   .          Reflect  +    (helmet restricted)
rElec   .          Harm     .    S - +1 cloak
rCorr   +          Rampage  .    (gloves unavailable)
Will    ++...      NoTele   +    (boots unavailable)
Stlth   ++++++....               w - amulet of reflection
HPRegen 0.29/turn                o - ring of Tosixkar {rN+ EV+4 Str-2 Dex+2}
MPRegen 0.13/turn                l - +6 ring of intelligence

@: invisible, very quick
A: reduced essence, very small, no large weapons, unfitting armour, see
invisible, speed 3
a: Renounce Religion, Recall Ancestor, Ancestor Identity, Transference, Idealise


You were in a Gauntlet.
You worshipped Hepliaklqana.
Hepliaklqana was extremely pleased with you.
You visited 2 branches of the dungeon, and saw 13 of its levels.
You also visited: Sewer and Gauntlet.

You collected 915 gold pieces.
You spent 198 gold pieces at shops.

Inventory:

Hand Weapons
 d - the +1 whip of Inconvenience {vorpal, rPois Str+3}
   (You found it on level 4 of the Dungeon)

   It inflicts extra damage upon your enemies.
   Str:       It affects your strength (+3).
   rPois:     It protects you from poison.
 H - a +0 hand crossbow (weapon)
 L - the +6 spear of a treasure trove {freeze, Fly rC+ Dex+3 SInv}
   (You found it on level 9 of the Dungeon)

   It freezes those it strikes, dealing additional cold damage.
   It can also slow down cold-blooded creatures.
   Dex:       It affects your dexterity (+3).
   rC:        It protects you from cold.
   SInv:      It lets you see invisible.
   Fly:       It grants you flight.
Missiles
 u - a throwing net
Armour
 a - +0 steam dragon scales
 c - a +0 robe
 D - a +2 robe
 P - +0 acid dragon scales (worn)
 S - a +1 cloak (worn)
Jewellery
 l - a +6 ring of intelligence (right hand)
 o - the ring of Tosixkar (left hand) {rN+ EV+4 Str-2 Dex+2}
   (You found it on level 3 of the Dungeon)

   [ring of evasion]

   EV:        It affects your evasion (+4).
   Str:       It affects your strength (-2).
   Dex:       It affects your dexterity (+2).
   rN:        It protects you from negative energy.
 w - an amulet of reflection (around neck)
 z - a ring of protection from fire
 G - an amulet of the acrobat
 M - an amulet of guardian spirit
 Q - a ring of wizardry
 R - a ring of flight
Wands
 C - a wand of flame (5)
 N - a wand of polymorph (3)
 O - a wand of roots (6)
Scrolls
 b - 3 scrolls of immolation
 f - 4 scrolls of fear {unknown}
 h - 4 scrolls of butterflies {unknown}
 k - 4 scrolls of teleportation {unknown}
 n - 4 scrolls of noise {unknown}
 p - 2 scrolls of enchant armour {unknown}
 q - a scroll of blinking
 v - 3 scrolls of enchant weapon {unknown}
 x - a scroll of silence
 y - 2 scrolls of poison {unknown}
 A - 2 scrolls of vulnerability
 B - a scroll of summoning
 J - 4 scrolls of amnesia
Potions
 e - 5 potions of magic
 g - 2 potions of invisibility
 i - 4 potions of lignification
 j - 5 potions of heal wounds
 r - 2 potions of flight
 s - 5 potions of curing
 t - a potion of might
 E - a potion of haste
 F - 2 potions of mutation
 I - 2 potions of ambrosia
 K - a potion of brilliance


   Skills:
 + Level 9.0 Fighting
 * Level 15.0 Ranged Weapons
 + Level 3.7 Dodging
 + Level 15.8 Stealth
 * Level 7.5 Evocations


You had 11 spell levels left.
You didn't know any spells.
Your spell library contained the following spells:

 Spells                   Type           Power      Damage    Failure   Level
 Magic Dart               Conj           0%         1d3       41%         1
 Ensorcelled Hibernation  Hex/Ice        0%         N/A       56%         2
 Searing Ray              Conj           0%         2d4       56%         2
 Gell's Gravitas          Tloc           0%         N/A       80%         3
 Ignite Poison            Fire/Tmut/Pois 0%         N/A       80%         3
 Kindle Blastsparks       Fire/Tloc/Air  0%         2d10      80%         3
 Spider Form              Tmut/Pois      0%         N/A       80%         3
 Teleport Other           Tloc           0%         N/A       80%         3
 Anguish                  Hex/Necr       0%         N/A       99%         4
 Fulminant Prism          Conj/Hex       0%         3d6       99%         4
 Freezing Cloud           Conj/Ice/Air   0%         6-21      100%        5
 Dispersal                Tloc           0%         N/A       100%        6
 Enfeeble                 Hex            0%         N/A       100%        7
 Chain Lightning          Conj/Air       0%         N/A       100%        9
 Fire Storm               Conj/Fire      0%         5d1       100%        9
 Shatter                  Erth           0%         3d5*      100%        9


Dungeon Overview and Level Annotations

Branches:
Dungeon (12/15)            Temple (1/1) D:4            Lair (0/5) D:11
  Sewer (visited)         Gauntlet (1/1)
    Orc: D:9-12

Altars:
Ashenzari
Cheibriados
Dithmenos
Elyvilon
Fedhas
Gozag
Hepliaklqana
Kikubaaqudgha
Makhleb
Nemelex Xobeh
Okawaru
Qazlal
Ru
Sif Muna
Trog
Uskayaw
Vehumet
Wu Jian
Xom
Yredelemnul
Zin
The Shining One

Shops:
D:7 !

Portals:
Abyss: D:10

Annotations:
D:10 2 transporters, Taurus's ghost, journeyman MiFi Gauntlet 9 transporters


Innate Abilities, Weirdness & Mutations

Your life essence is reduced to manifest your ancestor. (-10% HP)
You are very small and have problems with some larger weapons.
You are too small for most types of armour.
You have supernaturally acute eyesight. (SInv)
You cover ground extremely quickly. (Speed+++)


Message History

You shoot a bolt. The bolt hits the sixfirhy!
The sixfirhy is severely wounded.
The sixfirhy closely misses you.
Fire: H) +0 hand crossbow
Press: ? - help, Q - select action, (/) - cycle Shift-Dir - straight line, f/p - sixfirhy
Aim: a sixfirhy (severely wounded, unable to see you, 50% to hit)
You shoot a bolt. The bolt hits the sixfirhy.
The sixfirhy is severely wounded.
The sixfirhy closely misses you. x2
Fire: H) +0 hand crossbow
Press: ? - help, Q - select action, (/) - cycle Shift-Dir - straight line, f/p - sixfirhy
Aim: a sixfirhy (severely wounded, unable to see you, 50% to hit)
You shoot a bolt. The bolt misses the sixfirhy.
The bolt hits the sixfirhy!!
The sixfirhy is heavily wounded.
The sixfirhy hits you. The sixfirhy shocks you!
The sixfirhy closely misses you. The sixfirhy completely misses you. x2
The sixfirhy hits you. The sixfirhy shocks you!
* * * LOW HITPOINT WARNING * * *
The sixfirhy barely misses you. The sixfirhy closely misses you.
The sixfirhy barely misses you.
Fire: H) +0 hand crossbow
Press: ? - help, Q - select action, (/) - cycle Shift-Dir - straight line, f/p - sixfirhy
Aim: a sixfirhy (severely wounded, unable to see you, 50% to hit)
You shoot a bolt. The bolt hits the sixfirhy!!!
You kill the sixfirhy!
The sixfirhy misses you.
Your Fighting skill increases to level 9!
The sixfirhy misses you.
The sixfirhy hits you but does no damage.
Fire: H) +0 hand crossbow
Press: ? - help, Q - select action, (/) - cycle Shift-Dir - straight line, f - sixfirhy
Aim: a sixfirhy (unable to see you, 50% to hit)
You shoot a bolt. The bolt hits the sixfirhy!!
The sixfirhy is heavily wounded.
The sixfirhy barely misses you.
The sixfirhy hits you but does no damage.
The sixfirhy closely misses you. The sixfirhy hits you!
* * * LOW HITPOINT WARNING * * *
The sixfirhy shocks you!
You die...

#...#.8.#©...#.8..##
.##.8.#.⌠.#8..©#....≈##
....©.#.8.#########.≈≈#
.##.8.#...#...©[?.#.≈##
#.©.#...#....#..#.##
.##.8.#.8.#...###.#.≈##
....©.#.∩.#..#3#..#.≈≈#
.##.8.#.8.#3###...#.≈##
#.©.#...#3@#....#.##
.##.8.#...#.......#.≈##
....©.#.8.#########.≈≈#
.##.8.#.⌠.#8..©#....≈##
#...#.8.#©...#.8..##
#...#...#8..©#....≈##
#≈≈≈#...#########.≈≈#
##≈###..#.."©...#.≈##
## ##.#.####..#.##


You could see 2 sixfirhies.

Vanquished Creatures
  Erica (D:8)
  A boulder beetle (D:11)
  A soul eater (Gauntlet)
  2 sixfirhies (Gauntlet)
  Lodul (D:11)
  3 manticores (D:11)
  A komodo dragon (D:12)
  3 meliai (D:11)
  3 trolls
  2 hornets
  Sigmund (D:6)
  A shadow (D:10)
  A wyvern (D:8)
  3 yaks (D:10)
  A steam dragon (D:9)
  A golden eye (shapeshifter) (D:9)
  Menkaure (D:5)
  An acid dragon (D:11)
  2 water moccasins
  2 ice beasts
  An orc warrior (D:10)
  A sky beast (D:7)
  8 ogres (D:11)
  2 centaurs
  A phantom (D:4)
  A kobold brigand (D:9)
  5 bullfrogs
  A scorpion (D:6)
  A necrophage (D:6)
  13 wights
  2 killer bees (D:8)
  6 howler monkeys
  3 hounds
  2 gnoll boudas
  An orc priest (D:10)
  Terence (D:3)
  3 iguanas
  A scorpion zombie (D:4)
  5 orc wizards
  3 hound zombies (D:4)
  2 howler monkey zombies (D:4)
  9 gnolls
  6 adders
  A shadow imp (Gauntlet)
  A white imp (D:6)
  An ufetubus (D:5)
  3 adder zombies (D:4)
  2 adder skeletons (D:4)
  2 worms (D:2)
  A dart slug (D:4)
  23 orcs
  11 ball pythons
  6 endoplasms
  8 giant cockroaches
  7 goblins
  5 hobgoblins
  6 jackals
  12 kobolds
  5 quokkas
  3 bats
  13 frilled lizards
  6 rats
226 creatures vanquished.

Vanquished Creatures (collateral kills)
  An ugly thing (D:11)
  A gargoyle (D:12)
  A komodo dragon (D:11)
  A troll (D:11)
  A hornet (Gauntlet)
  A wyvern (D:6)
  2 yaks (D:10)
  A water moccasin (D:8)
  An orc warrior (D:6)
  A sky beast (D:7)
  An ogre (D:11)
  A kobold brigand (D:6)
  A bullfrog (D:8)
  A scorpion (D:6)
  A necrophage (D:8)
  A wight (D:8)
  2 killer bees (D:8)
  A hound (D:5)
  2 gnoll boudas (D:7)
  An iguana (D:6)
  An orc wizard (D:6)
  6 gnolls (D:7)
  2 shadow imps (Gauntlet)
  An orc (D:5)
  2 giant cockroaches (Sewer)
  3 kobolds
38 creatures vanquished.

Vanquished Creatures (others)
  2 knights
  An ancestor (D:5)
  33 plants (D:11)
  5 withered plants (D:4)
41 creatures vanquished.

Grand Total: 305 creatures vanquished

Notes
Turn   | Place    | Note
-------+----------+-------------------------------------------
     0 | D:1      | LustLizard the Spriggan Hunter began the quest for the Orb.
     0 | D:1      | Reached XP level 1. HP: 10/10 MP: 2/2
   146 | D:1      | Reached XP level 2. HP: 15/15 MP: 3/3
   413 | D:1      | Reached XP level 3. HP: 18/18 MP: 4/4
  1515 | D:3      | Reached XP level 4. HP: 22/23 MP: 5/5
  1552 | D:3      | Identified the ring of Tosixkar {rN+ EV+4 Str-2 Dex+2}
  1633 | D:3      | Reached skill level 5 in Ranged Weapons
  1687 | D:3      | Noticed Terence
  1699 | D:3      | Killed Terence
  1756 | D:3      | Reached XP level 5. HP: 27/27 MP: 6/6
  2125 | D:4      | Found a staircase to the Ecumenical Temple.
  2135 | Temple   | Entered the Ecumenical Temple
  2226 | Temple   | Became a worshipper of Hepliaklqana the Forgotten
  2254 | D:4      | Identified the +1 whip of Inconvenience {vorpal, rPois
                  | Str+3}
  2371 | D:4      | Found a sacrificial altar of Ru.
  2539 | D:4      | Reached XP level 6. HP: 29/32 MP: 7/7
  2543 | D:4      | Reached skill level 5 in Stealth
  2942 | D:4      | Reached * piety under Hepliaklqana
  3322 | D:5      | Entered Level 5 of the Dungeon
  3448 | D:5      | Noticed an ice beast
  3495 | D:5      | Killed an ice beast
  3496 | D:5      | Reached XP level 7. HP: 11/32 MP: 8/8
  4148 | D:5      | Noticed Menkaure
  4157 | D:5      | Killed Menkaure
  4169 | D:5      | Found a basalt altar of Yredelemnul.
  4173 | D:5      | Found an ancient bone altar of Kikubaaqudgha.
  4173 | D:5      | Found a stormy altar of Qazlal.
  4184 | D:5      | Found a blossoming altar of Fedhas.
  4187 | D:5      | Found a burning altar of Makhleb.
  4247 | D:6      | Reached XP level 8. HP: 37/37 MP: 7/9
  4340 | D:6      | Reached ** piety under Hepliaklqana
  4341 | D:6      | Remembered your ancestor Beorhtric as a knight
  4465 | D:6      | Found a shimmering altar of Xom.
  4624 | D:6      | Found a glowing drain.
  4634 | Sewer    | Entered a sewer
  5212 | D:6      | Noticed Sigmund
  5223 | D:6      | Killed Sigmund
  5834 | D:7      | Reached XP level 9. HP: 44/44 MP: 10/10
  5835 | D:7      | Reached XP level 10. HP: 50/50 MP: 11/11
  6066 | D:7      | Reached XP level 11. HP: 47/54 MP: 12/12
  6126 | D:7      | Found Himeargh's Distillery.
  6134 | D:7      | Bought a potion of haste for 110 gold pieces
  6134 | D:7      | Bought a potion of mutation for 88 gold pieces
  6480 | D:8      | Noticed Erica
  6737 | D:8      | Reached *** piety under Hepliaklqana
  6748 | D:8      | Found a hide-covered altar of Uskayaw.
  6864 | D:8      | Found a shadowy altar of Dithmenos.
  7201 | D:8      | Killed Erica
  8271 | D:9      | Found a glowing golden altar of the Shining One.
  8293 | D:9      | You fall into a shaft and drop 1 floor!
  8293 | D:10     | Entered Level 10 of the Dungeon
  8294 | D:10     | Found a transporter.
  8417 | D:9      | Reached skill level 1 in Evocations
  8597 | D:9      | Identified the +6 spear of a treasure trove {freeze, Fly
                  | rC+ Dex+3 SInv}
  8658 | D:9      | Reached **** piety under Hepliaklqana
  9068 | D:10     | Identified the +6 whip of Anguish {vorpal, rF+ Str+2
                  | Stlth-}
  9181 | D:10     | Found a one-way gate to the infinite horrors of the Abyss.
  9181 | D:10     | Noticed Taurus's ghost (journeyman MiFi)
  9187 | D:10     | Noticed a fire crab
  9215 | D:10     | Noticed a rakshasa
  9223 | D:10     | Found a transporter.
  9429 | D:10     | Reached skill level 15 in Stealth
  9622 | D:11     | Noticed Lodul
  9637 | D:11     | Killed Lodul
  9713 | D:11     | Reached skill level 5 in Evocations
 10095 | D:11     | Noticed a boulder beetle
 10338 | D:11     | Found a staircase to the Lair.
 10365 | D:11     | Reached XP level 12. HP: 58/58 MP: 13/13
 10405 | D:11     | Killed a boulder beetle
 11072 | D:12     | Found a gate leading to a gauntlet.
 11084 | D:12     | Identified the +10 spear of Tomorrow {vorpal, Int+5 Stlth+}
 11173 | D:12     | Reached ***** piety under Hepliaklqana
 11283 | Gauntlet | Entered a Gauntlet
 11283 | Gauntlet | Found a transporter.
 11308 | Gauntlet | Found a transporter.
 11311 | Gauntlet | Found a transporter.
 11312 | Gauntlet | Found a transporter.
 11323 | Gauntlet | Found a transporter.
 11323 | Gauntlet | Found a transporter.
 11324 | Gauntlet | Found a transporter.
 11333 | Gauntlet | Found a transporter.
 11336 | Gauntlet | Found a transporter.
 11337 | Gauntlet | Found a transporter.
 11340 | Gauntlet | Noticed a reaper
 11345 | Gauntlet | Found a transporter.
 11348 | Gauntlet | Found a transporter.
 11349 | Gauntlet | Found a transporter.
 11358 | Gauntlet | Found a transporter.
 11484 | Gauntlet | Reached skill level 15 in Ranged Weapons
 11608 | Gauntlet | HP: 1/59 [sixfirhy (12)]
 11608 | Gauntlet | Mangled by a sixfirhy

Illustrated notes

Levels and vault maps discovered:
D:1:      psy_arrival_radial01, layout_rooms, minmay_misc_feat_roman,
          minmay_tiny_reverse_x
D:2:      layout_loops_corners
D:3:      layout_basic, uniq_terence
D:4:      layout_cave_pods, nicolae_ru_awakened_eye,
          minmay_temple_entry_large_hall, serial_undead, serial_undead_f,
          serial_undead_d, serial_undead_f, serial_undead_d, serial_undead_d,
          serial_undead_d, serial_undead_d, serial_undead_b, serial_undead_c,
          serial_undead_a, chequers_decorated_corner
D:5:      layout_loops_cross, minmay_overflow_temple_star_hex, uniq_menkaure
D:6:      layout_loops_ring, lemuel_crystal_altar, portal_sewer_entry_f,
          chequers_serial_rivers_large_b, nicolae_elevator_lobby_plus,
          uniq_sigmund
D:7:      layout_loops_ring, serial_shops, nicolae_shop_hallway_stairs,
          grunt_ministairs_2
D:8:      layout_loops_ring, mainiacjoe_overflow_concentric_impassable,
          lemuel_crystal_altar, uniq_erica
D:9:      layout_cave_pods, mainiacjoe_overflow_tiny_flanked
D:10:     layout_rooms, gammafunk_ghost_abyssal_escape
D:11:     layout_stronghold, david_lair_shrubbed, kennysheep_generic_room_5,
          uniq_lodul
D:12:     layout_small_grid, david_orc_2, gauntlet_entry_generic
Temple:   nicolae_temple_hex_pool
Gauntlet: gammafunk_gauntlet_77_escape_option [minmay_gauntlet_arena_77_fan,
          minmay_gauntlet_arena_77_box, minmay_gauntlet_arena_77_double_cross,
          minmay_gauntlet_arena_77_terracotta_army,
          minmay_gauntlet_arena_77_checkered, gauntlet_exit_watery]

Skill      XL: |  1  2  3  4  5  6  7  8  9 10 11 12 |
---------------+-------------------------------------+-----
Stealth        | 2 3 4 6 7 12 14 15 | 15.8
Fighting       | 2 3 4 6 7 8 9 |  9.0
Ranged Weapons | 5 6 7 12 13 14 15 | 15.0
Evocations     | 5 7 |  7.5
Dodging        | 3 |  3.7

Action                   |  1- 3 |  4- 6 |  7- 9 | 10-12 || total
-------------------------+-------+-------+-------+-------++-------
Melee: Shortbow          |     1 |       |       |       ||     1
 Fire: Shortbow          |   103 |   234 |   170 |   146 ||   653
       Hand crossbow     |       |       |       |   226 ||   226
       Arbalest          |       |       |       |     5 ||     5
Invok: Recall Ancestor   |       |     2 |     5 |    10 ||    17
       Ancestor Life: Kn |       |       |     1 |       ||     1
Evoke: Wand              |       |       |       |     3 ||     3
  Use: Potion            |     4 |       |     2 |     3 ||     9
       Scroll            |       |     4 |     4 |     4 ||    12
Armor: Robe              |     3 |     5 |     3 |     2 ||    13
       Steam dragon scal |       |       |       |     3 ||     3
       Acid dragon scale |       |       |       |     2 ||     2
Dodge: Dodged            |    52 |    71 |    34 |    79 ||   236
Block: Other             |       |       |     2 |    19 ||    21
       Reflection        |       |       |       |     2 ||     2

Table legend: (Time is in decaauts)
 A = Elapsed time spent in this place.
 B = Non-inter-level travel time spent in this place.
 C = Inter-level travel time spent in this place.
 D = Time resting spent in this place.
 E = Time spent auto-exploring this place.
 F = Levels seen in this place.
 G = Mean time per level.
                   A        B        C        D        E       F      G
               +--------+--------+--------+--------+--------+-----+--------+
         Total |   8288 |   7572 |    716 |    558 |   4971 |  15 |  552.5 |
       Dungeon |   7477 |   6786 |    691 |    360 |   4560 |  12 |  623.1 |
        Temple |     70 |     46 |     24 |      0 |     36 |   1 |   70.0 |
         Sewer |    473 |    473 |      0 |    100 |    290 |   1 |  473.0 |
      Gauntlet |    267 |    267 |      0 |     98 |     84 |   1 |  267.0 |
               +--------+--------+--------+--------+--------+-----+--------+

Top non-repeatable levels by time:
    D:11: 1112 daAuts
     D:4: 984 daAuts
     D:6: 735 daAuts
     D:2: 719 daAuts
     D:5: 699 daAuts
     D:7: 652 daAuts
     D:8: 539 daAuts
    D:10: 536 daAuts
     D:3: 512 daAuts
   Sewer: 473 daAuts
     D:9: 466 daAuts
     D:1: 354 daAuts
Gauntlet: 267 daAuts
    D:12: 163 daAuts
  Temple: 70 daAuts
